 Dungeon Crawl Stone Soup version 0.27-a0-1147-gb3d8e82157 (webtiles) character file.

Game seed: 5513279051082090688

37 shoop the Vexing (level 3, 0/20 HPs)
             Began as a Deep Elf Arcane Marksman on May 11, 2021.
             Slain by an adder (3 damage)
             ... on level 2 of the Dungeon.
             The game lasted 00:03:57 (2074 turns).

shoop the Vexing (Deep Elf Arcane Marksman)         Turns: 2074, Time: 00:03:58

Health: 0/20       AC:  3    Str:  8    XL:     3   Next: 21%
Magic:  3/8        EV: 10    Int: 17    God:
Gold:   28         SH:  0    Dex: 15    Spells: 0/6 levels left

rFire    . . .     SeeInvis .   a - +0 shortbow
rCold    . . .     Faith    .   (shield currently unavailable)
rNeg     . . .     Spirit   .   e - +0 robe
rPois    .         Reflect  .   (no helmet)
rElec    .         Harm     .   j - +0 cloak
rCorr    .         Rampage  .   (no gloves)
Will     .....                  (no boots)
Stlth    ++........             (no amulet)
HPRegen  0.06/turn              (no ring)
MPRegen  0.11/turn              (no ring)

@: constricted
A: no striking features
a: no special abilities


You were on level 2 of the Dungeon.
You visited 1 branch of the dungeon, and saw 2 of its levels.

You collected 28 gold pieces.

Inventory:

Hand Weapons
 a - a +0 shortbow (weapon)
 b - a +0 dagger
Missiles
 d - 17 arrows (quivered ammo)
Armour
 e - a +0 robe (worn)
 j - a +0 cloak (worn)
Scrolls
 c - a scroll of fear {unknown}
 f - 2 scrolls of teleportation {unknown}
 g - a scroll of amnesia {unknown}
 i - a scroll of magic mapping {unknown}
Potions
 h - a potion of curing {unknown}
 k - a potion of heal wounds {unknown}


   Skills:
 - Level 0.7 Fighting
 * Level 3.7 Bows
 + Level 2.9 Dodging
 + Level 1.3 Stealth
 - Level 2.0 Spellcasting
 + Level 4.3 Hexes


You couldn't memorise any spells.
You knew the following spells:

 Your Spells              Type           Power      Damage    Failure   Level
a - Slow                  Hex            16%        N/A       4%          2
b - Corona                Hex            17%        N/A       3%          1
c - Inner Flame           Hex/Fire       9%         N/A       24%         3

Your spell library contained the following spells:

 Spells                   Type           Power      Damage    Failure   Level
 Portal Projectile        Hex/Tloc       18%        N/A       24%         3
 Cause Fear               Hex            8%         N/A       32%         4
 Leda's Liquefaction      Hex/Erth       4%         N/A       61%         4


Dungeon Overview and Level Annotations

Branches:
Dungeon (2/15)

Altars:


Message History

Aim: a kobold, wielding a +0 short sword and quivering stones (51% to hit)
You shoot an arrow. The arrow closely misses the kobold.
The arrow barely misses the goblin.
The arrow completely misses the ball python.
The kobold hits you with a +0 short sword.
* * * LOW HITPOINT WARNING * * *
You are too injured to fight recklessly!
You are too injured to fight recklessly!
You are too injured to fight recklessly!
Unknown command.
You are too injured to fight recklessly!
Fire: 18 arrows
Press: ? - help, Q - select action, (/) - cycle Shift-Dir - straight line, f/p - kobold
Aim: a kobold, wielding a +0 short sword and quivering stones (51% to hit)
You shoot an arrow. The arrow hits the kobold.
The kobold is heavily wounded.
The kobold hits you but does no damage. The goblin hits you with a +0 club.
* * * LOW HITPOINT WARNING * * *
You see here a quokka corpse.
There is a stone staircase leading up here.
The kobold closely misses you.
You climb upwards.
There is a stone staircase leading down here.
You are too injured to fight recklessly!
You are too injured to fight recklessly!
Fire: 17 arrows
Press: ? - help, Q - select action, (/) - cycle Shift-Dir - straight line, f - kobold
Aim: a kobold, wielding a +0 short sword and quivering stones (moderately wounded, 51% to hit)
You shoot an arrow. The arrow hits the kobold.
You kill the kobold!
d - 17 arrows (gained 1)
Things that are here:
a +0 short sword; 3 stones; a kobold corpse
There is a stone staircase leading down here.
You climb downwards.
The adder closely misses you. The ball python barely misses you.
The ball python grabs you. The ball python constricts you.
The goblin barely misses you.
There is a stone staircase leading up here.
The adder bites you.
You die...

##..... ###
#.#?#.#..... ...
..#.#...... ..
........#.## .#
.##.##.....##!#
.#...#.###...####..
...[....J#.#.......
.#...#.###.g..#
.##.##(w.S.#@.#
........#.wSS.#
..#.#.....##.......
#.#$#.#...##..###..
..###...........
.......#...#...##
.#.#...#...#...#
#..............
.....


You could see an adder, a dart slug, an endoplasm, a goblin and a ball python.

Vanquished Creatures
  3 dart slugs (D:1)
  7 endoplasms
  2 giant cockroaches (D:1)
  A goblin (D:1)
  3 hobgoblins (D:1)
  3 kobolds (D:1)
  A quokka (D:2)
  A ball python (D:1)
  2 bats (D:1)
  2 frilled lizards (D:1)
  2 rats (D:1)
27 creatures vanquished.

Notes
Turn   | Place    | Note
-------+----------+-------------------------------------------
     0 | D:1      | shoop the Deep Elf Arcane Marksman began the quest for the
                  | Orb.
     0 | D:1      | Reached XP level 1. HP: 11/11 MP: 5/5
   255 | D:1      | Reached XP level 2. HP: 12/16 MP: 4/6
   327 | D:1      | Learned a level 2 spell: Slow
   609 | D:1      | Reached skill level 1 in Stealth
  1485 | D:1      | Reached XP level 3. HP: 18/20 MP: 8/8
  1489 | D:1      | Learned a level 3 spell: Inner Flame
  1935 | D:1      | Found a faded altar of an unknown god.
  2074 | D:2      | Slain by an adder

Illustrated notes

Levels and vault maps discovered:
D:1:      mrwooster_arrival_statue, layout_loops_corners,
          hellmonk_ecumenical_altar_prayer_group
D:2:      layout_basic, minmay_fractal_squares_5

Skill      XL: |  1  2 |
---------------+-------+-----
Bows           | 3 |  3.7
Spellcasting   | 2 |  2.0
Stealth        | 1 |  1.3
Fighting       | |  0.7
Dodging        | |  2.9
Hexes          | |  4.3

Action                   || total
-------------------------++-------
Melee: Dagger            ||   183
 Fire: Shortbow          ||    15
 Cast: Corona            ||    10
       Slow              ||    19
 Stab: Sleeping          ||     2
Armor: Robe              ||    43
Dodge: Dodged            ||   134

Table legend: (Time is in decaauts)
 A = Elapsed time spent in this place.
 B = Non-inter-level travel time spent in this place.
 C = Inter-level travel time spent in this place.
 D = Time resting spent in this place.
 E = Time spent auto-exploring this place.
 F = Levels seen in this place.
 G = Mean time per level.
                   A        B        C        D        E       F      G
               +--------+--------+--------+--------+--------+-----+--------+
         Total |   2074 |   2041 |     33 |    178 |   1456 |   2 | 1037.0 |
       Dungeon |   2074 |   2041 |     33 |    178 |   1456 |   2 | 1037.0 |
               +--------+--------+--------+--------+--------+-----+--------+

Top non-repeatable levels by time:
     D:1: 2024 daAuts
     D:2: 50 daAuts
